 Dungeon Crawl Stone Soup version 0.29-a0-973-gac7da5f7f0 (webtiles) character file.

Game seed: 10291414532542740551

18 xian the Charlatan (level 2, 0/18 HPs)
             Began as an Octopode Artificer on Aug 1, 2022.
             Slain by a kobold
             ... wielding a +0 dagger
              (4 damage)
             ... on level 1 of the Dungeon.
             The game lasted 00:01:15 (667 turns).

xian the Charlatan (Octopode Artificer)              Turns: 667, Time: 00:01:16

Health: 0/18       AC:  1    Str: 11    XL:     2   Next: 70%
Magic:  2/2        EV: 13    Int: 13    God:
Gold:   15         SH:  0    Dex: 12    Spells: 1/1 levels left

rFire   . . .      SeeInvis .   e - +0 dagger
rCold   . . .      Faith    .   (no shield)
rNeg    . . .      Spirit   .   (helmet restricted)
rPois   .          Reflect  .   (no amulet)
rElec   .          Harm     .   (no ring)
rCorr   .          Rampage  .   (no ring)
Will    .....                   (no ring)
Stlth   +++.......              (no ring)
HPRegen 0.06/turn               (no ring)
MPRegen 0.08/turn               (no ring)
                                (no ring)
                                (no ring)

@: no status effects
A: almost no armour, amphibious, 8 rings, camouflage 1, gelatinous body 1,
(nimble swimmer 1), tentacles
a: no special abilities


You were on level 1 of the Dungeon.
You visited 1 branch of the dungeon, and saw 1 of its levels.

You collected 15 gold pieces.

Inventory:

Hand Weapons
 e - a +0 dagger (weapon)
Wands
 b - a wand of flame (13) (quivered)
 c - a wand of charming (15)
 d - a wand of iceblast (9)
Scrolls
 a - a scroll of amnesia {unknown}
 f - a scroll of identify {unknown}
 g - a scroll of blinking {unknown}
Potions
 h - a potion of ambrosia {unknown}


   Skills:
 + Level 1.0 Fighting
 + Level 2.8 Dodging
 + Level 1.6 Stealth
 + Level 3.9 Evocations


You had one spell level left.
You didn't know any spells.
Your spell library contained the following spells:

 Spells                   Type           Power      Damage    Failure   Level
 Magic Dart               Conj           0%         1d3       30%         1
 Call Imp                 Summ           0%         N/A       43%         2
 Mephitic Cloud           Conj/Pois/Air  0%         N/A       67%         3


Dungeon Overview and Level Annotations

Branches:
Dungeon (1/15)

Altars:


Innate Abilities, Weirdness & Mutations

You cannot wear most types of armour.
You are amphibious.
You can wear up to eight rings at the same time.
Your skin changes colour to match your surroundings (Stealth+).
Your rubbery body absorbs attacks. (AC +1, EV +1)
((You are camouflaged when in or above water. (Stealth+)))
You have tentacles for arms and can constrict up to eight enemies at once.


Message History

The jackal bites you. The endoplasm barely misses you.
You see here a jackal corpse.
You barely miss the endoplasm. You squeeze the endoplasm.
The endoplasm is moderately wounded.
The jackal bites you. The endoplasm freezes you.
You are frozen.
You hit the endoplasm but do no damage.
The endoplasm is moderately wounded.
The jackal closely misses you. The jackal completely misses you.
The endoplasm hits you.
You hit the endoplasm but do no damage. You squeeze the endoplasm.
You kill the endoplasm!
The jackal completely misses you.
You miss the frilled lizard. Your grab misses the frilled lizard.
The jackal barely misses you.
The frilled lizard completely misses you.
The jackal closely misses you.
You barely miss the frilled lizard. You grab the frilled lizard.
Your squeeze misses the frilled lizard. You constrict the frilled lizard.
The jackal closely misses you. The frilled lizard bites you.
* * * LOW HITPOINT WARNING * * *
Unknown command.
You completely miss the frilled lizard.
The frilled lizard is heavily wounded.
You constrict the frilled lizard.
You kill the frilled lizard!
The jackal closely misses you.
You closely miss the kobold. Your grab misses the kobold.
The jackal barely misses you. x2; The kobold hits you with a +0 dagger.
* * * LOW HITPOINT WARNING * * *
Unknown command.
You hit the kobold. Your grab misses the kobold.
The kobold is severely wounded.
The jackal bites you but does no damage.
The kobold barely misses you.
You closely miss the kobold. Your grab misses the kobold.
The kobold is severely wounded.
The jackal closely misses you. The kobold hits you with a +0 dagger.
You die...

#.#...........#
#.##..
#.#...........#
#.##.#
#.#........[..#
#....#
#.#...........#
###.##
#.#.........).##
#.†.
#.'...........+..
#.##
########...........#
#.#.##
#........h.#...#####
#....†
##########@#####
#.#### #K# #. #'# #
... ..... #......
#....... ........#
##..$.....


You could see a jackal and a kobold.

Vanquished Creatures
  A ball python (D:1)
  3 endoplasms (D:1)
  A giant cockroach (D:1)
  3 goblins (D:1)
  A hobgoblin (D:1)
  A jackal (D:1)
  2 quokkas (D:1)
  A bat (D:1)
  2 frilled lizards (D:1)
  A rat (D:1)
16 creatures vanquished.

Notes
Turn   | Place    | Note
-------+----------+-------------------------------------------
     0 | D:1      | xian the Octopode Artificer began the quest for the Orb.
     0 | D:1      | Reached XP level 1. HP: 13/13 MP: 1/1
   186 | D:1      | Reached XP level 2. HP: 17/18 MP: 2/2
   667 | D:1      | Slain by a kobold

Illustrated notes

Levels and vault maps discovered:
D:1:      tarquinn_simple_flora_water_a, layout_basic,
          shapermc_ecumenical_altar_flowoftime

Action                   || total
-------------------------++-------
Melee: Dagger            ||    40
       Constrict         ||     8
       Tentacles         ||    10
       Club              ||     2
Evoke: Wand              ||     2
 Stab: Sleeping          ||     2
Armor: Skin              ||     5
Dodge: Dodged            ||    36

Table legend: (Time is in decaauts)
 A = Elapsed time spent in this place.
 B = Non-inter-level travel time spent in this place.
 C = Inter-level travel time spent in this place.
 D = Time resting spent in this place.
 E = Time spent auto-exploring this place.
 F = Levels seen in this place.
 G = Mean time per level.
                   A        B        C        D        E       F      G
               +--------+--------+--------+--------+--------+-----+--------+
         Total |    667 |    667 |      0 |      0 |    451 |   1 |  667.0 |
       Dungeon |    667 |    667 |      0 |      0 |    451 |   1 |  667.0 |
               +--------+--------+--------+--------+--------+-----+--------+

Top non-repeatable levels by time:
     D:1: 667 daAuts
